 Dungeon Crawl Stone Soup version 0.28.0-1-gb440e238dd (webtiles) character file.

Game seed: 3692035576189716979

2678 Kaptain the Digger (level 9, -7/62 HPs)
             Began as an Octopode Earth Elementalist on Feb 22, 2022.
             Mangled by a vampire mosquito (10 damage)
             ... on level 7 of the Dungeon.
             The game lasted 00:24:00 (10145 turns).

Kaptain the Digger (Octopode Earth Elementalist)   Turns: 10145, Time: 00:24:00

Health: -7/62      AC:  1    Str:  7    XL:     9   Next: 64%
Magic:  6/17       EV: 14    Int: 21    God:
Gold:   390        SH:  0    Dex: 13    Spells: 15/19 levels left

rFire   . . .      SeeInvis +   s - +2 halberd (venom)
rCold   . . .      Faith    .   (shield currently unavailable)
rNeg    . . .      Spirit   .   (helmet restricted)
rPois   .          Reflect  .   (no amulet)
rElec   .          Harm     .   o - ring of see invisible
rCorr   .          Rampage  .   (no ring)
Will    .....                   (no ring)
Stlth   ++++......              (no ring)
HPRegen 0.20/turn               (no ring)
MPRegen 0.15/turn               (no ring)
                                (no ring)
                                (no ring)

@: no status effects
A: almost no armour, amphibious, 8 rings, camouflage 1, gelatinous body 1,
(nimble swimmer 1), tentacles
a: no special abilities


You were on level 7 of the Dungeon.
You visited 2 branches of the dungeon, and saw 8 of its levels.
You also visited: Ossuary.

You collected 390 gold pieces.

Inventory:

Hand Weapons
 a - a +5 scimitar
 n - a +0 trident
 r - a +0 hunting sling
 s - a +2 halberd of venom (weapon)
Missiles
 b - 2 boomerangs
 c - 6 poisoned darts
 h - 25 sling bullets
 i - 92 bolts
 j - 19 stones
 t - 4 javelins (quivered)
Magical Staves
 d - a staff of death
Jewellery
 o - a ring of see invisible (left tentacle)
Wands
 l - a wand of mindburst (8)
 q - a wand of iceblast (13)
Scrolls
 f - 3 scrolls of teleportation
 m - a scroll of amnesia
 y - a scroll of blinking
Potions
 e - a potion of cancellation {unknown}
 g - 4 potions of resistance
 k - a potion of berserk rage {unknown}
 p - a potion of degeneration {unknown}
 v - a potion of flight
 w - a potion of lignification {unknown}
 x - a potion of curing
 B - a potion of brilliance {unknown}
 C - a potion of attraction {unknown}


   Skills:
 * Level 5.7 Fighting
 + Level 3.7 Dodging
 + Level 5.3 Stealth
 * Level 5.8 Spellcasting
 * Level 5.6 Conjurations
 - Level 1.1 Transmutations
 * Level 6.8 Earth Magic


You had 15 spell levels left.
You knew the following spells:

 Your Spells              Type           Power      Damage    Failure   Level
a - Sandblast             Erth           68%        2d15      1%          1
b - Stone Arrow           Conj/Erth      64%        3d11      2%          3

Your spell library contained the following spells:

 Spells                   Type           Power      Damage    Failure   Level
 Magic Dart               Conj           100%       1d8       1%          1
 Foxfire                  Conj/Fire      72%        2x1d7     3%          1
 Passwall                 Tmut/Erth      18%        N/A       3%          2
 Conjure Flame            Conj/Fire      18%        6-21      10%         3
 Petrify                  Tmut/Erth      22%        N/A       19%         4
 Inner Flame              Hex/Fire       6%         N/A       30%         3
 Flame Wave               Conj/Fire      18%        2d6       30%         4
 Fireball                 Conj/Fire      9%         3d6       65%         5
 Fire Storm               Conj/Fire      9%         8d2       100%        9


Dungeon Overview and Level Annotations

Branches:
Dungeon (7/15)             Temple (1/1) D:4         Ossuary (visited)

Altars:
Dithmenos
Fedhas
Gozag
Hepliaklqana
Makhleb
Nemelex Xobeh
Okawaru
Qazlal
Sif Muna
Trog
Vehumet
Wu Jian
Xom
Yredelemnul
The Shining One

Shops:
D:2 *   D:4 (   D:5 =


Innate Abilities, Weirdness & Mutations

You cannot wear most types of armour.
You are amphibious.
You can wear up to eight rings at the same time.
Your skin changes colour to match your surroundings (Stealth+).
Your rubbery body absorbs attacks. (AC +1, EV +1)
((You are camouflaged when in or above water. (Stealth+)))
You have tentacles for arms and can constrict up to eight enemies at once.


Message History

Casting: Sandblast (safe; 1% risk of failure)
Confirm with . or Enter, or press ? or * to list all spells.
Aiming: Sandblast (safe; 1% risk of failure)
Press: ? - help, Shift-Dir - straight line, f/p - vampire mosquito
Aim: a vampire mosquito (heavily damaged, 70% to hit)
The blast of sand hits the vampire mosquito!!
You destroy the vampire mosquito!
j - 21 stones The vampire mosquito bites you.
The vampire mosquito draws strength from your injuries!
The vampire mosquito bites you but does no damage.
The vampire mosquito closely misses you.
Your life force feels restored.
Unknown command.
Casting: Sandblast (safe; 1% risk of failure)
Confirm with . or Enter, or press ? or * to list all spells.
Aiming: Sandblast (safe; 1% risk of failure)
Press: ? - help, Shift-Dir - straight line, f - vampire mosquito
Aim: a vampire mosquito (70% to hit)
The blast of sand hits the vampire mosquito!
The vampire mosquito is heavily damaged.
j - 20 stones The vampire mosquito bites you!
The vampire mosquito draws strength from your injuries!
The vampire mosquito bites you!
* * * LOW HITPOINT WARNING * * *
The vampire mosquito draws strength from your injuries!
The vampire mosquito barely misses you. The vampire mosquito misses you.
Casting: Sandblast (safe; 1% risk of failure)
Confirm with . or Enter, or press ? or * to list all spells.
Aiming: Sandblast (safe; 1% risk of failure)
Press: ? - help, Shift-Dir - straight line, f/p - vampire mosquito
Aim: a vampire mosquito (moderately damaged, 70% to hit)
The blast of sand misses the vampire mosquito.
j - 19 stones The vampire mosquito bites you!
* * * LOW HITPOINT WARNING * * *
The vampire mosquito draws strength from your injuries!
The vampire mosquito bites you!
You die...

,,*****##.....#####+########..#..
,,*,,,...............#..####..#..
,,*,,,...............#........#..
,,*,,,...............#........#..
***,,,...............######'###..
,,,,,,..##+###+#.................
,,,,,,..+......'.................
,,,,,,,,#......#.................
,,,,,,,,#..#####@................
***,,,,,#**#...yy######+#####....
*,,,,,* #.....#......# *####
*,,,,,* #.....#......# *,,,,,*
#.....#......# *,,,,,*
#.....'y.....# *,,,,,*
#.....######## ******* #######


You could see 2 vampire mosquitoes.

Vanquished Creatures
  Joseph (D:7)
  A vampire mosquito (D:7)
  An acid dragon (D:6)
  A sky beast (D:6)
  A black bear (D:6)
  An ogre (D:5)
  A phantom (D:6)
  A kobold brigand (D:6)
  Blork the orc (D:4)
  An elf zombie (Ossuary)
  A gnoll sergeant (D:6)
  3 scorpions
  A water moccasin zombie (D:5)
  5 wights (D:7)
  3 centaur zombies (Ossuary)
  A human zombie (Ossuary)
  2 orc priests
  A gnoll shaman (D:6)
  6 hounds
  A centaur skeleton (D:7)
  An iguana (D:4)
  4 orc wizards
  3 hound zombies
  3 mummies (Ossuary)
  A howler monkey zombie (D:7)
  16 gnolls
  9 adders
  2 shadow imps
  2 white imps
  2 adder skeletons (D:4)
  An adder zombie (Ossuary)
  3 dart slugs
  22 orcs
  7 ball pythons
  12 endoplasms
  10 giant cockroaches
  2 gnoll zombies (Ossuary)
  6 hobgoblins
  4 jackals (D:1)
  7 quokkas
  10 bats
  A frilled lizard (D:2)
  7 goblins
  3 goblin zombies (Ossuary)
  2 hobgoblin zombies (Ossuary)
  6 jackal zombies (Ossuary)
  13 kobolds
  2 kobold zombies (Ossuary)
  An orc zombie (Ossuary)
  8 quokka zombies (Ossuary)
  3 rats
  4 rat zombies (Ossuary)
211 creatures vanquished.

Notes
Turn   | Place    | Note
-------+----------+-------------------------------------------
     0 | D:1      | Kaptain the Octopode Earth Elementalist began the quest for
                  | the Orb.
     0 | D:1      | Reached XP level 1. HP: 11/11 MP: 3/3
   380 | D:1      | Reached XP level 2. HP: 17/17 MP: 5/5
   414 | D:1      | Found a faded altar of an unknown god.
   826 | D:1      | Reached XP level 3. HP: 22/22 MP: 6/6
   830 | D:1      | Learned a level 3 spell: Stone Arrow
  1232 | D:1      | Reached skill level 1 in Fighting
  1740 | D:2      | Reached XP level 4. HP: 20/28 MP: 6/8
  2129 | D:2      | Reached skill level 1 in Conjurations
  2347 | D:2      | Reached XP level 5. HP: 6/33 MP: 9/9
  3216 | D:2      | Found Dugral's Assorted Antiques.
  3478 | D:3      | Reached skill level 4 in Earth Magic
  3720 | D:3      | Found an iron altar of Okawaru.
  4034 | D:3      | Reached XP level 6. HP: 27/39 MP: 4/10
  4439 | D:4      | Found an opulent altar of Gozag.
  5086 | D:4      | Noticed Blork the orc
  5088 | D:4      | Found a staircase to the Ecumenical Temple.
  5097 | D:4      | Killed Blork the orc
  5098 | D:4      | Reached XP level 7. HP: 14/46 MP: 2/12
  5441 | Temple   | Entered the Ecumenical Temple
  5848 | D:4      | Found Hust's Weapon Shop.
  6037 | D:5      | Entered Level 5 of the Dungeon
  6068 | D:5      | Reached skill level 5 in Earth Magic
  6320 | D:5      | Reached XP level 8. HP: 36/54 MP: 5/14
  6450 | D:5      | Found Bozob's Jewellery Boutique.
  7633 | D:6      | Reached skill level 5 in Spellcasting
  7694 | D:6      | Reached skill level 6 in Earth Magic
  7730 | D:6      | Found a sand-covered staircase.
  7737 | Ossuary  | Entered an ossuary
  8240 | Ossuary  | Reached XP level 9. HP: 41/60 MP: 16/16
  8342 | Ossuary  | Reached skill level 5 in Fighting
  8578 | Ossuary  | Reached skill level 5 in Conjurations
  8939 | D:6      | Found a blossoming altar of Fedhas.
  9220 | D:6      | Found a shadowy altar of Dithmenos.
  9579 | D:7      | Noticed Joseph
  9596 | D:7      | Killed Joseph
  9597 | D:7      | Reached skill level 5 in Stealth
  9790 | D:7      | Got the Reference Book on Confrontation
 10100 | D:7      | Found a burning altar of Makhleb.
 10145 | D:7      | HP: 3/62 [vampire mosquito (9)]
 10145 | D:7      | Mangled by a vampire mosquito

Illustrated notes

Levels and vault maps discovered:
D:1:      dpeg_arrival_arbitrary_b, layout_basic, serial_aquarium,
          aquarium_bridge_square [aquarium_subvault_window,
          aquarium_subvault_bridge, aquarium_subvault_wall,
          aquarium_subvault_window], aquarium_window_corridor_3,
          aquarium_window_fake, aquarium_window_corner, aquarium_view_2a,
          aquarium_pool_1, chequers_ecumenical_altar_island,
          kennysheep_pointless_box, amcnicky_mini_rare_corridor_liquid,
          serial_park_tiny_pond, minmay_tripent
D:2:      layout_rooms, serial_shops, nicolae_lakefront_shop
D:3:      layout_loops_ring, marbit_many_paths
D:4:      layout_rooms, grunt_gozag_breadcrumbs,
          minmay_temple_entry_statues_pillars, serial_shops, shop,
          uniq_blork_the_orc
D:5:      layout_rooms, serial_shops, shop_fountains
D:6:      layout_basic, mainiacjoe_overflow_six_doors_small,
          grunt_dithmenos_smoke_and_mirrors, chequers_ossuary_entry_cave
D:7:      layout_gridville, nicolae_uskayaw_en_pointe,
          mainiacjoe_overflow_tiny_flanked, uniq_joseph
Temple:   cyrus_temple_forest

Skill      XL: |  1  2  3  4  5  6  7  8  9 |
---------------+----------------------------+-----
Stealth        | 3 4 5 |  5.3
Fighting       | 1 2 3 4 5 |  5.7
Conjurations   | 1 2 3 4 5 |  5.6
Spellcasting   | 3 4 5 |  5.8
Earth Magic    | 4 5 6 |  6.8
Dodging        | 3 |  3.7
Transmutations | |  1.1

Action                   |  1- 3 |  4- 6 |  7- 9 || total
-------------------------+-------+-------+-------++-------
Melee: Staff             |    43 |    78 |     1 ||   122
       Constrict         |    12 |    26 |    25 ||    63
       Tentacles         |    10 |    19 |    17 ||    46
       Punch             |     1 |       |       ||     1
       Halberd           |       |       |   102 ||   102
Throw: Boomerang         |       |    24 |     7 ||    31
       Javelin           |       |       |    19 ||    19
 Cast: Sandblast         |    35 |    38 |    73 ||   146
       Stone Arrow       |       |    18 |    47 ||    65
Evoke: Wand              |       |     1 |    25 ||    26
  Use: Potion            |       |     5 |     4 ||     9
       Scroll            |       |     4 |     6 ||    10
 Stab: Sleeping          |     5 |     3 |     8 ||    16
Armor: Skin              |     5 |    13 |    15 ||    33
Dodge: Dodged            |    42 |    66 |    98 ||   206
